 Dungeon Crawl Stone Soup version 0.16.0-18-g484a79e (console) character file.

67 gw the Chiller (level 3, -1/23 HPs)
             Began as a High Elf Ice Elementalist on Mar 22, 2015.
             Was an Initiate of Dithmenos.
             Slain by an orc priest
             ... wielding a +0 mace
              (4 damage)
             ... on level 3 of the Dungeon.
             The game lasted 00:02:58 (3407 turns).

gw the Chiller (High Elf Ice Elementalist)          Turns: 3407, Time: 00:02:58

Health: -1/23      AC:  3    Str:  7    XL:     3   Next: 98%
Magic:  1/10       EV: 12    Int: 21    God:    Dithmenos [......]
Gold:   94         SH:  0    Dex: 16    Spells: 3 memorised, 2 levels left

rFire  . . .     SeeInvis .     a - +2 short sword (freeze)
rCold  . . .     Clarity  .     e - +0 leather armour
rNeg   . . .     SustAb   .     (no shield)
rPois  .         Gourm    .     (no helmet)
rElec  .         Spirit   .     (no cloak)
rCorr  .         Warding  .     (no gloves)
rMut   .         Stasis   .     (no boots)
MR     +....                    (no amulet)
Stlth  ++........               (no ring)
                                (no ring)

@: very slightly contaminated, somewhat resistant to hostile enchantments,
unstealthy
A: clever 1, magic resistance 1, wild magic 1
a: Renounce Religion


You were on level 3 of the Dungeon.
You worshipped Dithmenos.
Dithmenos was noncommittal.
You were not hungry.

You visited 1 branch of the dungeon, and saw 3 of its levels.

You collected 94 gold pieces.

Inventory:

Hand weapons
 a - a +2 short sword of freezing (weapon)
Armour
 e - a +0 leather armour (worn)
Magical devices
 i - a wand of magic darts (17)
Potions
 g - a potion of flight
Books
 b - a book of Frost

   Spells                             Type                      Level
   a - Freeze                         Ice                          1
   b - Throw Frost                    Conjuration/Ice              2
   c - Ozocubu's Armour               Charms/Ice                   3
   d - Throw Icicle                   Conjuration/Ice              4
   e - Summon Ice Beast               Ice/Summoning                4
   f - Condensation Shield            Ice                          4
Comestibles
 c - 3 bread rations
 f - a royal jelly


   Skills:
 + Level 1.4 Fighting
 + Level 2.8 Dodging
 * Level 2.3 Stealth
 * Level 3.3 Spellcasting
 - Level 1.1 Conjurations
 + Level 3.4 Ice Magic
 + Level 0.4 Invocations


You had 2 spell levels left.
You knew the following spells:

 Your Spells              Type           Power        Failure   Level  Hunger
a - Freeze                Ice            ####         13%         1    None
b - Throw Frost           Conj/Ice       ###...       22%         2    ##.....
c - Ozocubu's Armour      Chrm/Ice       ###.....     45%         3    ###....


Dungeon Overview and Level Annotations

Branches:
Dungeon (3/15)

Altars:
Dithmenos
Trog


Innate Abilities, Weirdness & Mutations

Your mind is acute. (Int +2)
You are resistant to hostile enchantments.
Your spells are a little harder to cast, but a little more powerful.


Message History

The orc priest hits you but does no damage.
Unknown command.
Unknown command.
Unknown command.
Unknown command.
ATTACK MOVE TO (0,-1)
You hit the orc priest. You freeze the orc priest.
The orc priest is almost dead.
The bat closely misses you. The bat hits you but does no damage.
Unknown command.
Unknown command.
Unknown command.
Unknown command.
ATTACK MOVE TO (0,-1)
You hit the orc priest but do no damage.
The orc priest is almost dead.
The bat hits you but does no damage.
The orc priest glows brightly for a moment.
The orc priest hits you with a mace.
You die...

### #.# #.. ...#
#.# #..# #.. #.#
#..# #.# #.# #..#
#.#
#######.#####..#
#.#
#...........##).#
#.#
.######.##.##o.#
#.# #.##.##e.#
#.# #.##.##..#
#.# #.#...[b.#
#.#####
#...>....#
#.<...#
###..#####
#####.# ##..# #.#
#...### #.#
#._...# #.#
#...#.# #.#


You could see an orc priest and a bat.

Table legend:
 A = Turns spent in this place as a percentage of turns spent in the entire game.
 B = Non-inter-level travel turns spent in this place as a percentage of non-inter-level travel turns spent in the entire game.
 C = Inter-level travel turns spent in this place as a percentage of turns spent in this place.
 D = Turns resting spent in this place as a percentage of non-inter-level travel turns spent in this place.
 E = Turns spent auto-exploring this place as a percentage of non-inter-level travel turns spent in this place.
 F = Non-inter-level travel turns spent in this place divided by the number of levels of this place that you've seen.
                   A       B       C       D       E      F
               +-------+-------+-------+-------+-------+----------------------
         Total | 100.0 | 100.0 |   0.6 |   2.8 |   2.3 | 1252.7
       Dungeon | 100.0 | 100.0 |   0.6 |   2.8 |   2.3 | 1252.7
               +-------+-------+-------+-------+-------+----------------------

Table legend:
 A = Kills in this place as a percentage of kills in entire the game.
 B = Kills by you in this place as a percentage of kills by you in the entire game.
 C = Kills by friends in this place as a percentage of kills by friends in the entire game.
 D = Other kills in this place as a percentage of other kills in the entire game.
 E = Experience gained in this place as a percentage of experience gained in the entire game.
 F = Experience gained in this place divided by the number of levels of this place that you have seen.
                   A       B       C       D       E      F
               +-------+-------+-------+-------+-------+----------------------
         Total | 100.0 | 100.0 |  -nan |  -nan | 100.0 |  32.0
       Dungeon | 100.0 | 100.0 |  -nan |  -nan | 100.0 |  32.0
               +-------+-------+-------+-------+-------+----------------------

Vanquished Creatures
  A worm (D:2)
  A giant gecko (D:1)
  3 oozes (D:1)
  3 orcs (D:3)
  4 giant cockroaches (D:1)
  7 goblins
  6 hobgoblins
  3 jackals (D:2)
  5 bats
  4 giant newts
  8 kobolds
  6 rats
51 creatures vanquished.

Notes
Turn   | Place    | Note
--------------------------------------------------------------
     0 | D:1      | gw, the High Elf Ice Elementalist, began the quest for the Orb.
     0 | D:1      | Reached XP level 1. HP: 11/11 MP: 4/4
   616 | D:1      | Reached XP level 2. HP: 17/17 MP: 0/6
   675 | D:1      | Learned a level 2 spell: Throw Frost
  1574 | D:1      | Reached XP level 3. HP: 22/22 MP: 7/10
  1603 | D:1      | Learned a level 3 spell: Ozocubu's Armour
  1749 | D:1      | Reached skill level 1 in Fighting
  2699 | D:2      | Found a shadowy altar of Dithmenos.
  2715 | D:2      | Became a worshipper of Dithmenos the Shadowed
  3198 | D:2      | Gained mutation: Your mind is acute. (Int +2) [potion of mutation]
  3198 | D:2      | Gained mutation: Your spells are a little harder to cast, but a little more powerful. [potion of mutation]
  3198 | D:2      | Gained mutation: You are resistant to hostile enchantments. [potion of mutation]
  3323 | D:3      | Found a bloodstained altar of Trog.
  3407 | D:3      | Slain by an orc priest

Action                   || total
-------------------------++-------
Melee: Short sword       ||    27
 Cast: Freeze            ||    32
       Throw Frost       ||    56
  Use: Potion            ||     8
       Scroll            ||     2
  Eat: Chunk             ||    10

Vault maps used:
D:1:      saegor_arrival_simple_a
D:2:      lemuel_doored_altar, first_bread
D:3:      bloody_trog
